 Dungeon Crawl Stone Soup version 0.26.1-11-gd32895ea62 (webtiles) character file.

Game seed: 13846986139281663523

2614 Revguard the Sneak (level 9, -10/63 (68) HPs)
             Began as a Demonspawn Brigand on July 9, 2021.
             Was a Believer of Dithmenos.
             Killed by divine providence
             ... invoked by an orc high priest
              (13 damage)
             ... in a bailey.
             The game lasted 00:23:26 (6639 turns).

Revguard the Sneak (Demonspawn Brigand)             Turns: 6639, Time: 00:23:26

HP:   -10/63 (68)   AC:  7    Str: 11    XL:     9   Next: 34%
MP:   10/14         EV: 15    Int: 13    God:    Dithmenos [**....]
Gold: 241           SH:  5    Dex: 18    Spells: 15/15 levels left

rFire    + . .     SeeInvis .   a - +3 dagger
rCold    + . .     Faith    .   (no shield)
rNeg     . . .     Spirit   .   q - +2 robe {Will+}
rPois    .         Reflect  +   f - +2 hat
rElec    +         Harm     .   v - scarf {+Inv}
rCorr    .         Rampage  .   (no gloves)
Will     ++++.                  l - +0 pair of boots
Stlth    ++++......             h - amulet of reflection
HPRegen  0.20/turn              m - ring of protection from cold
MPRegen  0.14/turn              n - ring of willpower

@: wreathed by umbra, drained
A: antennae 2, fire resistance 1, strong-willed 2, electricity resistance, spiny
3
a: Renounce Religion, Evoke Invisibility, Shadow Step


You were in a bailey.
You worshipped Dithmenos.
Dithmenos was pleased with you.
You visited 1 branch of the dungeon, and saw 7 of its levels.
You also visited: Bailey.

You collected 241 gold pieces.

Inventory:

Hand Weapons
 a - a +3 dagger (weapon)
 w - a +1 long sword of flaming
Missiles
 d - 9 poisoned darts (quivered)
Armour
 c - a +1 cloak
 f - a +2 hat (worn)
 l - a +0 pair of boots (worn)
 q - a +2 robe of willpower (worn)
 v - a scarf of invisibility (worn)
Jewellery
 h - an amulet of reflection (around neck)
 m - a ring of protection from cold (left hand)
 n - a ring of willpower (right hand)
 p - an uncursed ring of poison resistance
Scrolls
 e - a scroll of enchant armour
 j - a scroll of fear
 k - 2 scrolls of teleportation
 t - a scroll of enchant weapon
 u - 5 scrolls of remove curse
 x - a scroll of magic mapping
Potions
 b - a potion of magic
 g - a potion of brilliance
 i - a potion of curing


   Skills:
 + Level 5.1 Fighting
 + Level 4.6 Short Blades
 - Level 2.1 Throwing
 + Level 4.1 Armour
 + Level 4.4 Dodging
 + Level 5.9 Stealth
 + Level 3.9 Spellcasting
 + Level 5.7 Invocations
 + Level 1.6 Evocations


You had 15 spell levels left.
You didn't know any spells.
Your spell library was empty.

Dungeon Overview and Level Annotations

Branches:
Dungeon (7/15)             Temple (0/1) D:5          Bailey (1/1)

Altars:
Ashenzari
Dithmenos
Elyvilon
Makhleb
Nemelex Xobeh
Ru
Uskayaw
Zin
The Shining One

Shops:
D:6 (


Innate Abilities, Weirdness & Mutations

You have a pair of antennae on your head.
You are completely covered in sharp spines.
Your flesh is heat resistant. (rF+)
You are highly strong-willed. (Will++)
You are resistant to electric shocks. (rElec)


Message History

You assume a fearsome visage.
The ynoxinul is unaffected. x2
The ufetubus is unaffected.
The orc high priest resists with some effort.
The orc high priest hits you but does no damage.
The ynoxinul closely misses you. The ynoxinul is struck by your spines.
The ynoxinul hits you.
* * * LOW HITPOINT WARNING * * *
You closely miss the orc high priest.
The orc high priest is heavily wounded.
Aiming: Shadow Step
Press: ? - help, Dir - move target, f - ufetubus, p - orc high priest
Aim: an ufetubus (almost dead, summoned, poisoned, umbra)
You step into the ufetubus's shadow.
You will no longer bleed smoke.
You kill the ufetubus!
The orc high priest utters an invocation to Beogh.
The ynoxinul gestures.
The orc high priest mumbles some strange prayers to Beogh against you.
Beogh smites you!
You die...

.......'..⌠..##.._.#
.......'.....##....#+##
.≈≈≈≈≈.#.)...##....#..#
.≈≈≈≈≈.#''#####....#..#
.≈≈≈≈≈.#[)....#....#!!#
≈≈≈≈≈≈.#......#....#
≈≈≈≈≈######......4#####+#
≈≈≈≈≈# #.8.8)8[5o35..#
≈≈≈≈≈#{{ #.....@.#[{{..#
#######'####### ....
≈≈≈≈≈≈≈ ≈≈≈≈≈≈≈≈≈≈
≈≈≈≈≈≈≈≈≈≈≈ ≈≈≈≈≈≈≈≈≈≈≈≈
≈≈≈≈≈≈≈≈≈≈≈≈≈


You could see an orc high priest (poisoned), a hellwing (summoned), a ynoxinul
(summoned) and 2 ufetubi.

Vanquished Creatures
  Pikel (D:6)
  An orc sorcerer (Bailey)
  2 steam dragons (D:6)
  Edmund (D:6)
  An ice beast (D:6)
  4 orc warriors (Bailey)
  A centaur (D:6)
  A lemure (D:6)
  Blork the orc (D:6)
  3 scorpions
  A howler monkey (D:4)
  A centaur zombie (D:6)
  A hound (D:5)
  An orc priest (D:5)
  A centaur skeleton (D:4)
  4 orc wizards
  2 worker ants
  A hound zombie (D:6)
  5 gnolls (Bailey)
  8 adders
  A shadow imp (D:6)
  An ooze (D:1)
  A worm (D:3)
  2 dart slugs
  6 leopard geckos
  26 orcs
  A ball python (D:6)
  5 giant cockroaches
  14 goblins
  18 hobgoblins
  4 jackals (D:1)
  3 kobolds
  2 quokkas
  12 bats
  4 frilled lizards
  A jackal skeleton (D:4)
  11 rats
153 creatures vanquished.

Vanquished Creatures (others)
  5 toadstools (D:1)
5 creatures vanquished.

Grand Total: 158 creatures vanquished

Notes
Turn   | Place    | Note
-------+----------+-------------------------------------------
     0 | D:1      | Revguard the Demonspawn Brigand began the quest for the
                  | Orb.
     0 | D:1      | Reached XP level 1. HP: 16/16 MP: 1/1
   292 | D:1      | Reached skill level 1 in Dodging
   344 | D:1      | Gained mutation: You are partially covered in sharp spines.
                  | [demonic ancestry]
   344 | D:1      | Reached XP level 2. HP: 18/22 MP: 2/2
   596 | D:1      | Gained mutation: You have a pair of small antennae on your
                  | head. [demonic ancestry]
   596 | D:1      | Reached XP level 3. HP: 27/27 MP: 3/3
  1257 | D:2      | Reached skill level 1 in Armour
  1333 | D:2      | Found a shadowy altar of Dithmenos.
  1348 | D:2      | Became a worshipper of Dithmenos the Shadowed
  1442 | D:2      | Gained mutation: You are mostly covered in sharp spines.
                  | [demonic ancestry]
  1442 | D:2      | Reached XP level 4. HP: 30/34 MP: 4/4
  1568 | D:2      | Found a sacrificial altar of Ru.
  1632 | D:2      | Reached skill level 1 in Invocations
  1811 | D:2      | Found a sacrificial altar of Ru.
  1977 | D:2      | Gained mutation: Your flesh is heat resistant. (rF+)
                  | [potion of mutation]
  1977 | D:2      | Gained mutation: You are strong-willed. (Will+) [potion of
                  | mutation]
  1977 | D:2      | Gained mutation: You are resistant to electric shocks.
                  | (rElec) [potion of mutation]
  1977 | D:2      | Gained mutation: You are highly strong-willed. (Will++)
                  | [potion of mutation]
  2224 | D:3      | Found a faded altar of an unknown god.
  2244 | D:3      | Gained mutation: You have a pair of antennae on your head.
                  | [demonic ancestry]
  2244 | D:3      | Reached XP level 5. HP: 36/39 MP: 6/6
  2244 | D:3      | Reached * piety under Dithmenos
  2433 | D:3      | Reached skill level 1 in Spellcasting
  2844 | D:3      | Found a glowing golden altar of the Shining One.
  2845 | D:3      | Found a sparkling altar of Nemelex Xobeh.
  3360 | D:4      | Reached XP level 6. HP: 44/47 MP: 6/8
  3480 | D:4      | Found a glowing silver altar of Zin.
  4214 | D:5      | Entered Level 5 of the Dungeon
  4423 | D:5      | Found a staircase to the Ecumenical Temple.
  4901 | D:5      | Reached XP level 7. HP: 49/52 MP: 10/10
  5126 | D:6      | Found a white marble altar of Elyvilon.
  5141 | D:6      | Reached ** piety under Dithmenos
  5176 | D:6      | Noticed Pikel
  5203 | D:6      | Killed Pikel
  5204 | D:6      | Reached skill level 5 in Stealth
  5204 | D:6      | Gained mutation: You are completely covered in sharp
                  | spines. [demonic ancestry]
  5204 | D:6      | Reached XP level 8. HP: 57/60 MP: 10/12
  5304 | D:6      | Found Dighebua's Antique Weapon Shop.
  5416 | D:6      | Found a hide-covered altar of Uskayaw.
  5436 | D:6      | Noticed Edmund
  5456 | D:6      | Killed Edmund
  5469 | D:6      | Found a burning altar of Makhleb.
  5595 | D:6      | Reached skill level 5 in Invocations
  5624 | D:6      | Noticed Blork the orc
  5635 | D:6      | Killed Blork the orc
  5886 | D:6      | Found a broken altar of Ashenzari.
  6000 | D:7      | Found a flagged portal.
  6034 | Bailey   | Entered a bailey
  6217 | Bailey   | Noticed an orc high priest
  6217 | Bailey   | Noticed an orc sorcerer
  6237 | Bailey   | Reached XP level 9. HP: 26/67 MP: 14/14
  6311 | Bailey   | Killed an orc sorcerer
  6312 | Bailey   | Reached skill level 5 in Fighting
  6312 | Bailey   | Reached skill level 1 in Evocations
  6322 | Bailey   | Found an iron altar of Okawaru.
  6339 | Bailey   | Reached *** piety under Dithmenos
  6639 | Bailey   | Noticed a hellwing
  6639 | Bailey   | Killed from afar by an orc high priest

Illustrated notes

Levels and vault maps discovered:
D:1:      ldierk_walled_garden, layout_basic
D:2:      layout_loops_ring, overflow_temple_1_default,
          nicolae_dithmenos_through_a_glass_darkly,
          nicolae_ru_great_annihilating_truth
D:3:      layout_loops_ring, gammafunk_temple_overflow_statue,
          chequers_ecumenical_altar_simple_redux,
          minmay_fractal_squares_diagonal_5
D:4:      layout_layer_cave, old_standard_altar
D:5:      layout_gridville, minmay_temple_entry_hall, minivault_26
D:6:      cheibrodos_steamvent, layout_rooms, elyvilon_altar_5,
          lemuel_crystal_altar, kennysheep_mini_moat, general_overflow_altar,
          serial_shops, nicolae_shop_statue_plus, uniq_pikel,
          uniq_blork_the_orc, uniq_edmund
D:7:      layout_basic, xom_redecorated, enter_bailey_5, minmay_misc_feat_room,
          dk_noncrumbling_2, uniq_duvessa, uniq_joseph
Bailey:   bailey_axe_of_yendor_kennysheep, bailey

Skill      XL: |  1  2  3  4  5  6  7  8  9 |
---------------+----------------------------+-----
Dodging        | 1 2 3 4 |  4.4
Short Blades   | 2 3 4 |  4.6
Throwing       | 2 |  2.1
Armour         | 1 2 3 4 |  4.1
Stealth        | 4 5 |  5.9
Invocations    | 1 2 4 5 |  5.7
Spellcasting   | 1 2 3 |  3.9
Fighting       | 3 4 5 |  5.1
Evocations     | 1 |  1.6

Action                   |  1- 3 |  4- 6 |  7- 9 || total
-------------------------+-------+-------+-------++-------
Melee: Dagger            |    92 |   141 |   229 ||   462
Throw: Dart              |    10 |     6 |    17 ||    33
Invok: Shadow Step       |       |       |     1 ||     1
  Use: Scroll            |     5 |     2 |     5 ||    12
       Potion            |       |     5 |    13 ||    18
 Stab: Sleeping          |     7 |    18 |     3 ||    28
       Distracted        |     1 |     2 |       ||     3
       Paralysed         |       |     1 |       ||     1
       Invisible         |       |       |     5 ||     5
Armor: Robe              |    22 |    29 |    38 ||    89
Dodge: Dodged            |    45 |    55 |   110 ||   210
Block: Other             |       |    14 |    40 ||    54
       Reflection        |       |       |     2 ||     2
